[Event "Late-Titled-Tuesday-Blitz-January-16-2024"]
[Site "Chess.com"]
[Date "2024.01.16"]
[Round "10"]
[White "alexrustemov"]
[Black "bescmelasti"]
[Result "1-0"]
[WhiteElo "2856"]
[BlackElo "2691"]
[TimeControl "180+1"]
[EndTime "15:52:16 PST"]
[Termination "alexrustemov won by resignation"]

1. d4 d5 2. c4 Nc6 3. Nf3 Bg4 4.
cxd5 Bxf3 5. gxf3 Qxd5 6. e3 e5 7. Nc3 Bb4 8. Bd2 Bxc3 9. bxc3 Qd6 10. Qb3 Nge7 11. Bg2 O-O 12. h4 Rfe8 13. Kf1 b6 14. h5 h6 15. Rd1 Rad8 16. Bc1 Na5 17. Qb5 c5 18. Rh4 Nf5 19. Re4 exd4 20. Rxe8+ 1-0

[Event "Late-Titled-Tuesday-Blitz-January-16-2024"]
[Site "Chess.com"]
[Date "2024.01.16"]
[Round "10"]
[White "miraitrunks"]
[Black "giomar27"]
[Result "0-1"]
[WhiteElo "2102"]
[BlackElo "2377"]
[TimeControl "180+1"]
[EndTime "15:52:27 PST"]
[Termination "giomar27 won by resignation"]

1. e4 e5 2. Nf3 d5 3. Nxe5 Bd6 4. d4 dxe4 5. Nc4 Nf6 6. Nxd6+ cxd6 7. Bg5 O-O 8. Be2 h6 9. Bh4 d5 10. O-O Be6 11.
Nd2 Qb6 12. Nb3 Nbd7 13. a4 a6 14. a5 Qa7 15. f3 Rac8 16. f4 Bf5 17. g4 Bh7 18. g5 hxg5 19. fxg5 Ne8 20. Bg4 Rc7 21. g6 Bxg6 22. Be7 Ne5 23. Bxf8 Kxf8 24. Be6 Nf3+ 25. Kg2 Nf6 26. Bh3 Nh5 27. Qc1 Qb8 28. Bg4 Nf4+ 29. Qxf4 Rxc2+ 30. Rf2 Rxf2+ 0-1

[Event "Late-Titled-Tuesday-Blitz-January-16-2024"]
[Site "Chess.com"]
[Date "2024.01.16"]
[Round "10"]
[White "RuleOfTwo"]
[Black "Arteler"]
[Result "0-1"]
[WhiteElo "2568"]
[BlackElo "2499"]
[TimeControl "180+1"]
[EndTime "15:52:47 PST"]
[Termination "Arteler won by resignation"]

1. d4 d5 2. c4 c6 3. Nf3 Nf6 4. e3 a6 5. Nbd2 Bf5 6. Be2 e6 7.
O-O Nbd7 8. b3 Be7 9. Bb2 O-O 10.
Rc1 b5 11. cxd5 cxd5 12. Ne5 Nxe5 13. dxe5 Nd7 14. Nf3 Qa5 15. Nd4 Qxa2 16. Nxf5 exf5 17. Qd4 Nc5 18. Ra1 Qxb3 19. Ra3 Qc2 20. Rc1 Qxe2 0-1

[Event "Late-Titled-Tuesday-Blitz-January-16-2024"]
[Site "Chess.com"]
[Date "2024.01.16"]
[Round "10"]
[White "IgorBjelobrk"]
[Black "scandalgod"]
[Result "1-0"]
[WhiteElo "2642"]
[BlackElo "2521"]
[TimeControl "180+1"]
[EndTime "15:52:50 PST"]
[Termination "IgorBjelobrk won by resignation"]

1. d4 d5 2. c4 c6 3. Nf3 Nf6 4.
Qc2 dxc4 5. Qxc4 Bf5 6. g3 e6 7. Bg2 Nbd7 8. O-O Be7 9. e3 O-O 10. Rd1 h6 11. Qe2 Bh7 12. Nc3 Qc7 13. e4 Rad8 14.
Bf4 Qa5 15. Rac1 Rfe8 16. h3 Bb4 17. Nd2 c5 18. Nb3 Qb6 19. Na4 Qa5 20. Nxa5 1-0

[Event "Late-Titled-Tuesday-Blitz-January-16-2024"]
[Site "Chess.com"]
[Date "2024.01.16"]
[Round "10"]
[White "zverr1"]
[Black "TangerineandLemon25"]
[Result "1-0"]
[WhiteElo "2518"]
[BlackElo "2609"]
[TimeControl "180+1"]
[EndTime "15:52:50 PST"]
[Termination "zverr1 won by resignation"]

1. e4 c5 2. Nf3 d6 3. Nc3 Nf6 4. e5 dxe5 5. Nxe5 Qc7 6. d4 a6 7. Bf4 Qa5 8. Nc4 Qd8 9. dxc5 Nbd7 10. Qe2 Nxc5 11. Nd6+ 1-0

[Event "Late-Titled-Tuesday-Blitz-January-16-2024"]
[Site "Chess.com"]
[Date "2024.01.16"]
[Round "10"]
[White "RianKapriaga"]
[Black "ritanovikova"]
[Result "1-0"]
[WhiteElo "2363"]
[BlackElo "2188"]
[TimeControl "180+1"]
[EndTime "15:52:52 PST"]
[Termination "RianKapriaga won by resignation"]

1. d4 g6 2. Nf3 Bg7 3. Nc3 d6 4. e4 Nd7 5. Be2 e5 6. O-O Ne7 7. a4 O-O 8. dxe5 Nxe5 9. Nxe5 dxe5 10. Bc4 c6 11. a5 Qc7 12. b3 Bd7 13. Ba3 Rfe8 14.
Qf3 Nc8 15. Qxf7+ Kh8 16. Rfd1 Rd8 17. Rd3 b5 18. Be6 c5 19. Rxd7 1-0

[Event "Late-Titled-Tuesday-Blitz-January-16-2024"]
[Site "Chess.com"]
[Date "2024.01.16"]
[Round "10"]
[White "DavidGavrilescu18"]
[Black "djano"]
[Result "0-1"]
[WhiteElo "2782"]
[BlackElo "2662"]
[TimeControl "180+1"]
[EndTime "15:53:03 PST"]
[Termination "djano won by resignation"]

1. e4 c5 2. Nf3 Nc6 3. Bb5 e5 4.
O-O Nge7 5. c3 g6 6. d4 cxd4 7.
cxd4 exd4 8. Nxd4 Bg7 9. Be3 O-O 10. Nc3 d5 11. exd5 Nxd5 12. Nxc6 bxc6 13. Bxc6 Nxe3 14. fxe3 Rb8 15. Bd5 Rxb2 16. Bxf7+ Kh8 17. Nd5 Ba6 18. Rf3 Be2 19. Rh3 Bxd1 20. Bxg6 Qxd5 0-1

[Event "Late-Titled-Tuesday-Blitz-January-16-2024"]
[Site "Chess.com"]
[Date "2024.01.16"]
[Round "10"]
[White "dianamirza"]
[Black "SmirnovTimofey2000"]
[Result "1-0"]
[WhiteElo "1999"]
[BlackElo "1956"]
[TimeControl "180+1"]
[EndTime "15:53:21 PST"]
[Termination "dianamirza won by resignation"]

1. e4 e5 2. Nf3 Nf6 3. Nxe5 d6 4. Nf3 Nxe4 5. Nc3 Nxc3 6. dxc3 Be7 7. Bf4 Be6 8. Qd2 Nc6 9. O-O-O O-O 10. Bd3 h6 11. g4 g5 12. Be3 Ne5 13. Nxe5 dxe5 14. h4 Bxg4 15. Rdg1 Bf3 16. hxg5 Bxg5 17. Bxg5 hxg5 18. Rxg5+ 1-0

[Event "Late-Titled-Tuesday-Blitz-January-16-2024"]
[Site "Chess.com"]
[Date "2024.01.16"]
[Round "10"]
[White "secretsuperstar7"]
[Black "brm72"]
[Result "0-1"]
[WhiteElo "2496"]
[BlackElo "2682"]
[TimeControl "180+1"]
[EndTime "15:53:36 PST"]
[Termination "brm72 won by resignation"]

1. c4 c5 2. Nc3 Nc6 3. g3 g6 4. Bg2 Bg7 5. Nf3 e5 6. O-O d6 7. d3 Nge7 8. a3 a5 9. Rb1 O-O 10. Ne1 Be6 11. Nc2 d5 12. cxd5 Nxd5 13. Ne4 b6 14.
Ne3 h6 15. Nc4 Kh7 16. Bd2 Rb8 17. Qa4 b5 18. Qc2 bxc4 19. dxc4 Nd4 20. Qd3 Rb3 21.
Bc3 Nxc3 22. bxc3 Rxa3 23. Nxc5 Rxc3 24. Qe4 Bf5 25. Qb7 Bxb1 26. Rxb1 Nxe2+ 27. Kh1 Rxc4 28. Nd7 Re8 29. Nb6 Rc1+ 30. Rxc1 Nxc1 31. Bd5 Re7 32.
Qc6 Qc7 33. Qb5 0-1

[Event "Late-Titled-Tuesday-Blitz-January-16-2024"]
[Site "Chess.com"]
[Date "2024.01.16"]
[Round "10"]
[White "argentum049"]
[Black "Pachonpower"]
[Result "1-0"]
[WhiteElo "2481"]
[BlackElo "2259"]
[TimeControl "180+1"]
[EndTime "15:53:46 PST"]
[Termination "argentum049 won by resignation"]

1. e4 e6 2. Nf3 d5 3. Nc3 dxe4 4. Nxe4 Bd7 5. Ne5 Nf6 6. Nxf6+ Qxf6 7. Nxd7 Nxd7 8. d4 c5 9. Be3 cxd4 10. Qxd4 e5 11.
Qa4 a6 12. O-O-O Qc6 13. Qxc6 bxc6 14. g3 Bc5 15. Bxc5 Nxc5 16. Bg2 O-O 17. Bxc6 Rac8 18. Bg2 Rc7 19. c3 e4 20. Kc2 Nd3 21. Rd2 Rb8 22. b3 f5 23. c4 a5 24. Rxd3 exd3+ 25. Kxd3 a4 26. Rb1 Kf8 27. b4 Rd8+ 28. Bd5 Re8 29. b5 Rce7 30. b6 Rb8 31. c5 Rd7 32. Kc4 Rbd8 33. Rd1 Ke7 34. c6 Rd6 35. Kc5 Kf6 36.
b7 1-0

[Event "Late-Titled-Tuesday-Blitz-January-16-2024"]
[Site "Chess.com"]
[Date "2024.01.16"]
[Round "10"]
[White "tolimachess"]
[Black "sergeikim"]
[Result "1-0"]
[WhiteElo "2460"]
[BlackElo "2542"]
[TimeControl "180+1"]
[EndTime "15:53:47 PST"]
[Termination "tolimachess won by resignation"]

1. e4 e5 2. Nc3 Nf6 3. g3 g6 4.
Bg2 Bg7 5. Nge2 O-O 6. O-O c6 7. d4 d6 8. dxe5 dxe5 9. Qxd8 Rxd8 10. h3 a5 11. a3 Na6 12. Be3 Be6 13. Rfd1 Nd7 14.
Na4 Bf8 15. Nb6 Nxb6 16. Bxb6 Rxd1+ 17. Rxd1 a4 18. Nc3 Nc5 19. f4 Nd7 20. Bc7 exf4 21.
gxf4 Bc5+ 22. Kh2 Kf8 23. Bd6+ Bxd6 24. Rxd6 Ke7 25. e5 Nc5 26. Rd4 f6 27. Kg3 fxe5 28.
fxe5 g5 29. Bf3 Rf8 30. Nxa4 Nxa4 31. Rxa4 Bxh3 32. Ra7 Bd7 33. Rxb7 Rc8 34. Bg4 Rd8 35. e6 Kd6 36. Rxd7+ Rxd7 37. exd7 Ke7 38. a4 1-0

[Event "Late-Titled-Tuesday-Blitz-January-16-2024"]
[Site "Chess.com"]
[Date "2024.01.16"]
[Round "10"]
[White "momotaro77"]
[Black "Fh2411"]
[Result "0-1"]
[WhiteElo "2474"]
[BlackElo "2618"]
[TimeControl "180+1"]
[EndTime "15:53:50 PST"]
[Termination "Fh2411 won by resignation"]

1. e4 c6 2. d4 d5 3. e5 Bf5 4. g4 Be4 5. f3 Bg6 6. h4 h5 7. e6 Qd6 8. exf7+ Bxf7 9. Ne2 Nd7 10.
Nbc3 e5 11. Be3 Nh6 12. Bf4 exf4 13. Qd2 hxg4 14. O-O-O O-O-O 15. Nxf4 Qf6 16. fxg4 Nxg4 0-1

[Event "Late-Titled-Tuesday-Blitz-January-16-2024"]
[Site "Chess.com"]
[Date "2024.01.16"]
[Round "10"]
[White "Felix-Rose"]
[Black "babero_gordo"]
[Result "1/2-1/2"]
[WhiteElo "2230"]
[BlackElo "1993"]
[TimeControl "180+1"]
[EndTime "15:53:51 PST"]
[Termination "Game drawn by repetition"]

1. d4 g6 2. e4 Bg7 3. Nf3 d6 4. Nc3 a6 5. a4 b6 6. Be2 Bb7 7. O-O Nf6 8. d5 O-O 9. Bg5 Nbd7 10. Qd2 Re8 11. Rfe1 e5 12. b4 a5 13. bxa5 Rxa5 14. Bb5 Qc8 15. Bxf6 Bxf6 16. Bxd7 Qxd7 17.
Nb5 Rea8 18. Nc3 Bg7 19. Qd3 Ba6 20. Qe3 f5 21. Nd2 f4 22. Qf3 Rc5 23. Nb3 Rc4 24. Nd2 Rd4 25. Nb3 Rc4 26. Nd2 Rd4 27. Nb3 Rc4 1/2-1/2

[Event "Late-Titled-Tuesday-Blitz-January-16-2024"]
[Site "Chess.com"]
[Date "2024.01.16"]
[Round "10"]
[White "Actuary44"]
[Black "Lion-Al-Messi"]
[Result "1-0"]
[WhiteElo "2511"]
[BlackElo "2596"]
[TimeControl "180+1"]
[EndTime "15:53:53 PST"]
[Termination "Actuary44 won by resignation"]

1. e4 e6 2. d4 d5 3. Nc3 Nf6 4. e5 Nfd7 5. f4 c5 6. dxc5 Nc6 7. Nf3 Bxc5 8. Bd3 f6 9. Qe2 fxe5 10. fxe5 Qc7 11.
Bf4 O-O 12. Bxh7+ Kxh7 13. Ng5+ Kg6 14. Qd3+ Rf5 15. g4 Ndxe5 16. gxf5+ exf5 17. Qg3 Qe7 18. Nxd5 Nf3+ 19. Kd1 Qd8 20. Ne6+ Kf7 21. Nxd8+ Nxd8 22. Qxf3 Be6 23. Nc7 Rc8 24. Qh5+ Kg8 25. Qe8+ Kh7 26. Nxe6 1-0

[Event "Late-Titled-Tuesday-Blitz-January-16-2024"]
[Site "Chess.com"]
[Date "2024.01.16"]
[Round "10"]
[White "Ticondriul"]
[Black "VladimirKramnik"]
[Result "0-1"]
[WhiteElo "2726"]
[BlackElo "2923"]
[TimeControl "180+1"]
[EndTime "15:53:58 PST"]
[Termination "VladimirKramnik won by checkmate"]

1. d4 d5 2. Nf3 Nf6 3. e3 c5 4.
Bd3 Nc6 5. b3 Bg4 6. Bb2 e6 7.
Nbd2 cxd4 8. exd4 Bd6 9. h3 Bh5 10. g4 Bg6 11. Ne5 Bxe5 12. dxe5 Nd7 13. Nf3 Be4 14.
Bxe4 dxe4 15. Nd2 e3 16. fxe3 Qh4+ 17. Ke2 Ndxe5 18. Nf3 Nxf3 19. Kxf3 O-O 20. Qe2 f5 21. g5 f4 22. e4 Qg3# 0-1

[Event "Late-Titled-Tuesday-Blitz-January-16-2024"]
[Site "Chess.com"]
[Date "2024.01.16"]
[Round "10"]
[White "IraZyne"]
[Black "Bala-Afiada"]
[Result "1-0"]
[WhiteElo "2247"]
[BlackElo "2045"]
[TimeControl "180+1"]
[EndTime "15:53:58 PST"]
[Termination "IraZyne won by resignation"]

1. e4 c5 2. Nc3 Nc6 3. g3 d6 4. Bg2 g6 5. Nge2 Bg7 6. O-O e6 7. d3 Nge7 8. Be3 O-O 9. Qd2 Nd4 10.
Nc1 Nec6 11. Nd1 Rb8 12. c3 Nb5 13. Bh6 d5 14. Bxg7 Kxg7 15. Qe2 Nd6 16. Nb3 dxe4 17. dxe4 Qb6 18. Qe3 c4 19. Qxb6 axb6 20. Nd2 Ne5 21.
f4 Nd3 22. e5 Nf5 23. Nxc4 Bd7 24. Nxb6 Bc6 25. b3 Bxg2 26. Kxg2 Rfd8 27. Kf3 h5 28. Ne3 Nxe3 29. Kxe3 Nc5 30. Rfd1 Kf8 31. Rd4 Rxd4 32. Kxd4 Na6 33. Nd7+ 1-0

[Event "Late-Titled-Tuesday-Blitz-January-16-2024"]
[Site "Chess.com"]
[Date "2024.01.16"]
[Round "10"]
[White "GMKrikor"]
[Black "Zkid"]
[Result "1-0"]
[WhiteElo "2763"]
[BlackElo "2908"]
[TimeControl "180+1"]
[EndTime "15:54:32 PST"]
[Termination "GMKrikor won by checkmate"]

1. Nf3 d5 2. c4 d4 3. b4 f6 4.
e3 e5 5. c5 a5 6. Qa4+ Bd7 7. b5 Bxc5 8. Bc4 Qe7 9. O-O dxe3 10. fxe3 Nh6 11. Nc3 Be6 12. Nd5 Bxd5 13. Bxd5 Ra7 14.
d4 Bb6 15. Ba3 Qd7 16. Qc4 e4 17. Nd2 c6 18. Be6 Qc7 19. Nxe4 Nd7 20. Nd6+ Kd8 21. bxc6 Qxc6 22. Qd3 Re8 23. Rac1 Rxe6 24.
Rxc6 bxc6 25. Qxh7 Rxe3 26. Qh8+ Kc7 27. Qc8# 1-0

[Event "Late-Titled-Tuesday-Blitz-January-16-2024"]
[Site "Chess.com"]
[Date "2024.01.16"]
[Round "10"]
[White "aghasiyevkamal"]
[Black "texie1"]
[Result "1-0"]
[WhiteElo "2628"]
[BlackElo "2513"]
[TimeControl "180+1"]
[EndTime "15:54:34 PST"]
[Termination "aghasiyevkamal won by resignation"]

1. e4 c5 2. Nf3 d6 3. d4 cxd4 4. Nxd4 Nf6 5. Nc3 a6 6. Bg5 Nc6 7. Nxc6 bxc6 8. Bd3 h6 9. Bd2 g6 10. O-O Bg7 11. h3 O-O 12. Qe1 e5 13. f4 Qe7 14. Qf2 Bb7 15. fxe5 dxe5 16. Na4 Nd7 17. Be3 a5 18. Nc5 Bc8 19. Rad1 Kh7 20. Bc4 Nf6 21. a4 Be6 22. Nxe6 fxe6 23. Bc5 Nxe4 24.
Bxe7 Nxf2 25. Rxf2 Rxf2 26. Kxf2 Ra7 27. Bc5 e4 28.
Bxa7 1-0

[Event "Late-Titled-Tuesday-Blitz-January-16-2024"]
[Site "Chess.com"]
[Date "2024.01.16"]
[Round "10"]
[White "Statham_01"]
[Black "KorolDimitriy75"]
[Result "1-0"]
[WhiteElo "2524"]
[BlackElo "2363"]
[TimeControl "180+1"]
[EndTime "15:54:47 PST"]
[Termination "Statham_01 won on time"]

1. a4 e5 2. Ra3 Bxa3 3. Nxa3 Nc6 4. b3 d6 5. Bb2 Nge7 6. Qa1 O-O 7. e3 Bf5 8. f4 f6 9. Nf3 exf4 10. Be2 fxe3 11. O-O exd2 12. Nc4 Bxc2 13. Ncxd2 Ne5 14. Qc1 Bg6 15. h4 Qd7 16. h5 Bd3 17. h6 Bxe2 18. Rf2 Bxf3 19. Nxf3 Nxf3+ 20. Rxf3 Ng6 21. hxg7 Qxg7 22.
Qc4+ Rf7 23. Bxf6 Qf8 24. Bb2 Re8 25. Bc3 c6 26. Rh3 d5 27. Qd3 Re6 28. Rg3 Qe7 29. Qd4 Rff6 30. Kh2 1-0

[Event "Late-Titled-Tuesday-Blitz-January-16-2024"]
[Site "Chess.com"]
[Date "2024.01.16"]
[Round "10"]
[White "Roedor"]
[Black "Hirna2005"]
[Result "1-0"]
[WhiteElo "2344"]
[BlackElo "2256"]
[TimeControl "180+1"]
[EndTime "15:54:53 PST"]
[Termination "Roedor won by resignation"]

1. d4 g6 2. Nf3 Bg7 3. g3 d6 4.
Bg2 Nf6 5. O-O O-O 6. a4 Bf5 7. a5 a6 8. Nh4 Be4 9. f3 Bc6 10.
e4 d5 11. e5 Ne8 12. f4 e6 13.
Nc3 Nd7 14. Be3 f6 15. exf6 Nexf6 16. Bh3 Qe7 17. Re1 Rae8 18. Bf2 Qf7 19. Nf3 Ne4 20. Nxe4 dxe4 21. Ng5 Qe7 22. Bxe6+ Kh8 23. d5 Bb5 24.
Rxe4 Nc5 25. Re1 Nxe6 26. Nxe6 Bxb2 27. Bd4+ Bxd4+ 28. Qxd4+ Rf6 29. c4 Bd7 30. Nc5 Qxe1+ 31. Rxe1 Rxe1+ 32. Kf2 Kg7 33. Nxd7 1-0

[Event "Late-Titled-Tuesday-Blitz-January-16-2024"]
[Site "Chess.com"]
[Date "2024.01.16"]
[Round "10"]
[White "VitorBronson"]
[Black "cassoulet"]
[Result "1-0"]
[WhiteElo "2587"]
[BlackElo "2751"]
[TimeControl "180+1"]
[EndTime "15:54:54 PST"]
[Termination "VitorBronson won by checkmate"]

1. d4 Nf6 2. c4 g6 3. Nc3 d5 4. Nf3 Bg7 5. Qb3 dxc4 6. Qxc4 O-O 7. e4 a6 8. Be2 b5 9. Qb3 Bb7 10. e5 Nd5 11. O-O e6 12. Bg5 Qd7 13. Ne4 Nf4 14.
Bxf4 Bxe4 15. Rfd1 Nc6 16. Rac1 Ne7 17. Ng5 Bd5 18.
Qh3 h6 19. Nf3 g5 20. Bxg5 hxg5 21. Nxg5 Rfc8 22. Rc3 Ng6 23. Qh7+ Kf8 24. Rg3 Qe7 25. Bh5 Nxe5 26. dxe5 Bxe5 27. Nxf7 Bxg3 28. Qh8# 1-0

[Event "Late-Titled-Tuesday-Blitz-January-16-2024"]
[Site "Chess.com"]
[Date "2024.01.16"]
[Round "10"]
[White "ThaBarWa"]
[Black "Rgoltsman"]
[Result "0-1"]
[WhiteElo "2395"]
[BlackElo "2258"]
[TimeControl "180+1"]
[EndTime "15:54:54 PST"]
[Termination "Rgoltsman won on time"]

1. e4 e5 2. Nf3 Nc6 3. Bc4 Bc5 4. d3 d6 5. c3 Nf6 6. O-O Bg4 7. h3 h5 8. Nbd2 Qd7 9. b4 Bb6 10. Qe2 Bxh3 11. gxh3 Qxh3 12. Bxf7+ Ke7 13. Bd5 Ng4 14. d4 exd4 15. Bxc6 bxc6 16. e5 d5 17. c4 d3 18.
Qxd3 Qg3+ 19. Kh1 Bxf2 0-1

[Event "Late-Titled-Tuesday-Blitz-January-16-2024"]
[Site "Chess.com"]
[Date "2024.01.16"]
[Round "10"]
[White "MaxLeto"]
[Black "PawnEatingZombie"]
[Result "1-0"]
[WhiteElo "2375"]
[BlackElo "2146"]
[TimeControl "180+1"]
[EndTime "15:55:02 PST"]
[Termination "MaxLeto won by resignation"]

1. g4 e5 2. Bg2 Ne7 3. c4 Ng6 4. Nc3 Nh4 5. Be4 c6 6. d3 Na6 7.
Nf3 Ng2+ 8. Kf1 Nf4 9. Nxe5 g5 10. e3 Ne6 11. Qf3 Qe7 12. d4 Bg7 13. b3 d6 14.
Nd3 c5 15. Nd5 Qd8 16. Bb2 cxd4 17. Re1 O-O 18. Qf5 Re8 19. Qxh7+ Kf8 20. h4 Nac5 21. Nxc5 dxc5 22. h5 Nc7 23. h6 Be5 24. exd4 cxd4 25. Ba3+ 1-0

[Event "Late-Titled-Tuesday-Blitz-January-16-2024"]
[Site "Chess.com"]
[Date "2024.01.16"]
[Round "10"]
[White "Rdeux42"]
[Black "pr1105"]
[Result "1-0"]
[WhiteElo "2456"]
[BlackElo "2266"]
[TimeControl "180+1"]
[EndTime "15:55:03 PST"]
[Termination "Rdeux42 won by checkmate"]

1. d4 Nf6 2. Nf3 d5 3. g3 Bf5 4. Bg2 e6 5. O-O h6 6. c4 c6 7. Nc3 Nbd7 8. Qb3 Qb6 9. c5 Qxb3 10. axb3 a6 11. b4 O-O-O 12. h4 Ne4 13. Bf4 Nxc3 14. bxc3 f6 15. h5 Bg4 16. Nd2 Bxh5 17. e4 g5 18. Be3 Bg6 19. c4 dxe4 20. Nxe4 f5 21. Nd6+ Bxd6 22.
cxd6 Nf6 23. b5 axb5 24. cxb5 Nd5 25. bxc6 bxc6 26. Ra7 Rhe8 27. Rb1 Rd7 28. Ra8# 1-0

[Event "Late-Titled-Tuesday-Blitz-January-16-2024"]
[Site "Chess.com"]
[Date "2024.01.16"]
[Round "10"]
[White "mortngabriel"]
[Black "AEMEffi"]
[Result "1-0"]
[WhiteElo "2511"]
[BlackElo "2361"]
[TimeControl "180+1"]
[EndTime "15:55:10 PST"]
[Termination "mortngabriel won on time"]

1. e4 e5 2. Nc3 Nf6 3. Bc4 Nc6 4. d3 Bb4 5. Ne2 d5 6. exd5 Nxd5 7. O-O Nxc3 8. bxc3 Bd6 9. f4 O-O 10. f5 Kh8 11. f6 Be6 12. Bg5 g6 13. Bxe6 fxe6 14. Ng3 Rf7 15. Ne4 Bf8 16. Qd2 b5 17. Rab1 Rb8 18.
Bh6 b4 19. Ng5 Rxf6 20. Rxf6 Qxf6 21. Rf1 bxc3 22. Qxc3 Qxf1+ 23. Kxf1 Bxh6 24. Nf7+ Kg7 25. Nxh6 1-0

[Event "Late-Titled-Tuesday-Blitz-January-16-2024"]
[Site "Chess.com"]
[Date "2024.01.16"]
[Round "10"]
[White "ccccvhhhj"]
[Black "Jarrahi2452"]
[Result "0-1"]
[WhiteElo "2513"]
[BlackElo "2632"]
[TimeControl "180+1"]
[EndTime "15:55:12 PST"]
[Termination "Jarrahi2452 won on time"]

1. e4 c5 2. Nf3 d6 3. d4 cxd4 4.
Nxd4 Nf6 5. Nc3 e5 6. Nb3 Nc6 7. Bg5 Be7 8. Qd2 Be6 9. O-O-O O-O 10. f3 a5 11. a4 Rc8 12. Kb1 Nb4 13. h4 Qc7 14. h5 Rfd8 15. h6 g6 16. Bd3 d5 17.
exd5 Nfxd5 18. Nxd5 Bxd5 19. Bxe7 Qxe7 20. Qe3 Bxb3 21.
cxb3 Rd4 22. Bc4 Rcd8 23. Rxd4 Rxd4 24. Re1 Qd7 25. Kc1 Na2+ 26. Kb1 Nb4 27. Kc1 Qf5 0-1

[Event "Late-Titled-Tuesday-Blitz-January-16-2024"]
[Site "Chess.com"]
[Date "2024.01.16"]
[Round "10"]
[White "Sic_Transit_GM"]
[Black "Maxfan2008"]
[Result "1-0"]
[WhiteElo "2670"]
[BlackElo "2518"]
[TimeControl "180+1"]
[EndTime "15:55:14 PST"]
[Termination "Sic_Transit_GM won by resignation"]

1. g3 e5 2. Bg2 d5 3. Nf3 Bd6 4. O-O Nf6 5. d3 O-O 6. Bg5 c6 7. Nc3 Bg4 8. h3 Bh5 9. e4 d4 10. Ne2 Nbd7 11. Bc1 Ne8 12. Nd2 f6 13. f4 exf4 14.
gxf4 c5 15. a4 Nc7 16. Nc4 Be7 17. Qe1 Bf7 18. b3 Nb6 19. Kh1 Kh8 20. Rg1 Nxc4 21. bxc4 Qd7 22. Qg3 Rg8 23. h4 Bd6 24. Bd2 Rae8 25.
Raf1 Bh5 26. Bf3 Bxf3+ 27. Qxf3 Qxa4 28. Ng3 Qd7 29. Rg2 Bf8 30. Rfg1 Ne6 31. f5 Nd8 32.
Nh5 Qf7 33. Nf4 h6 34. Ng6+ Kh7 35. Qh5 Bd6 36. Bf4 Bxf4 37. Nxf4 Qxh5 38. Nxh5 Kh8 39.
Rxg7 Rxg7 40. Rxg7 a5 41. Rd7 a4 42. Nxf6 1-0

[Event "Late-Titled-Tuesday-Blitz-January-16-2024"]
[Site "Chess.com"]
[Date "2024.01.16"]
[Round "10"]
[White "ShahMatKanal"]
[Black "yaguigor"]
[Result "0-1"]
[WhiteElo "2517"]
[BlackElo "2636"]
[TimeControl "180+1"]
[EndTime "15:55:19 PST"]
[Termination "yaguigor won on time"]

1. d4 d5 2. c4 c6 3. Nf3 Nf6 4.
Nc3 e6 5. Bg5 dxc4 6. e4 b5 7.
e5 h6 8. Bh4 g5 9. Nxg5 hxg5 10.
Bxg5 Nbd7 11. g3 Qb6 12. exf6 Bb7 13. Bg2 O-O-O 14. O-O c5 15. d5 b4 16. dxe6 Bxg2 17. Kxg2 Qxe6 18. Qd5 bxc3 19. Qa8+ Nb8 20. bxc3 Qh3+ 21.
Kf3 Qh5+ 22. Kg2 Qxh2+ 23. Kf3 Qh5+ 24. Kg2 Qxg5 25. Rad1 Qxf6 26. Qxa7 Qc6+ 27. f3 Rd7 28. Rxd7 Nxd7 29. Re1 Bd6 30. Rb1 Bb8 31. Qa3 Ne5 32. Rf1 Rd8 33. Qb2 Rd3 34. Qe2 Rxc3 35. g4 Nxg4 36. Rh1 Rc2 37. Rh8+ Kb7 0-1

[Event "Late-Titled-Tuesday-Blitz-January-16-2024"]
[Site "Chess.com"]
[Date "2024.01.16"]
[Round "10"]
[White "Piotrek1979"]
[Black "xakevicius91"]
[Result "0-1"]
[WhiteElo "2425"]
[BlackElo "2549"]
[TimeControl "180+1"]
[EndTime "15:55:19 PST"]
[Termination "xakevicius91 won by resignation"]

1. d4 Nf6 2. c4 e6 3. Nf3 b6 4.
g3 Bb7 5. Bg2 Be7 6. Nc3 O-O 7.
O-O Ne4 8. Bd2 Nxd2 9. Qxd2 d6 10. b4 Nd7 11. a4 a5 12. b5 f5 13. Rae1 Qe8 14. e4 f4 15. e5 dxe5 16. Nxe5 f3 17. Bh3 Nxe5 18. Rxe5 Bf6 19. Bxe6+ Kh8 20. Ree1 Qh5 21.
Nd5 Rae8 22. Nf4 Qh6 23. Qd3 Bg5 24. Bd5 Bxd5 25. Nxd5 Qh3 26. Nf4 Bxf4 27. Qxf3 Bd6 28. Rxe8 Rxe8 29. Rc1 Rf8 30. Qg2 Qf5 31. Rc2 Qxc2 0-1

[Event "Late-Titled-Tuesday-Blitz-January-16-2024"]
[Site "Chess.com"]
[Date "2024.01.16"]
[Round "10"]
[White "katharinareinecke"]
[Black "jinxy2009"]
[Result "0-1"]
[WhiteElo "2020"]
[BlackElo "2237"]
[TimeControl "180+1"]
[EndTime "15:55:20 PST"]
[Termination "jinxy2009 won by resignation"]

1. d4 d5 2. c4 e6 3. Nf3 Nf6 4. g3 h6 5. Bg2 Bd6 6. O-O O-O 7. Nc3 Nc6 8. b3 b6 9. Bb2 Bb7 10.
cxd5 exd5 11. e3 Ne7 12. Ne2 Rc8 13. Rc1 Re8 14. Ne5 Bxe5 15. dxe5 Ne4 16. Bxe4 dxe4 17. Qxd8 Rexd8 18. Rfd1 Nd5 19. Nf4 Nxf4 20. gxf4 c5 21. Kf1 Ba6+ 22. Ke1 Rd3 23. Rd2 Rcd8 24. Rcd1 Kf8 25.
Rxd3 Bxd3 26. a3 Ke7 27. b4 Ke6 28. bxc5 bxc5 29. Rc1 c4 30. Bd4 Kf5 31. h3 Rb8 32.
Kd2 Rb3 33. Bc5 Rb2+ 34. Ke1 Re2+ 35. Kd1 Rxf2 36. Bxa7 Rh2 37. Bd4 Rxh3 38. Ra1 Rh2 39. a4 Kg4 40. a5 Kf3 41. a6 c3 42. Bxc3 Kxe3 43. Kc1 Rh1+ 44. Kb2 Rxa1 45. Kxa1 Bxa6 46. e6 fxe6 47. Bxg7 Kd2 48. Bxh6 e3 49. f5 exf5 50. Bf4 Kd3 51. Kb1 e2 52. Bg3 Kd2 53. Bf4+ Kd1 54. Kb2 e1=Q 0-1

[Event "Late-Titled-Tuesday-Blitz-January-16-2024"]
[Site "Chess.com"]
[Date "2024.01.16"]
[Round "10"]
[White "angelgab3"]
[Black "wanyaland"]
[Result "1-0"]
[WhiteElo "2599"]
[BlackElo "2469"]
[TimeControl "180+1"]
[EndTime "15:55:23 PST"]
[Termination "angelgab3 won by resignation"]

1. e4 c5 2. Nf3 e6 3. g3 d6 4.
Bg2 Nf6 5. Nc3 Nc6 6. O-O Rb8 7.
d4 cxd4 8. Nxd4 Bd7 9. Re1 a6 10.
Nxc6 Bxc6 11. Nd5 Rc8 12. Be3 exd5 13. exd5 Bd7 14. Bb6+ Qe7 15. Rxe7+ Bxe7 16. Qe2 Kf8 17. Re1 Re8 18. Bc7 g6 19. Qd2 Kg7 20. h3 h5 21. Qb4 Bf5 22. c3 b5 23. Re3 Bd8 24. Rxe8 Rxe8 25. Bxd6 Re1+ 26. Kh2 Ne4 27. Be5+ f6 28. Bd4 h4 29. c4 hxg3+ 30. fxg3 Rd1 31. cxb5 axb5 32. Bxe4 Bxe4 33. Bxf6+ Bxf6 34. Qxe4 Rd2+ 35. Kg1 Rxb2 36. Qd3 Rb4 37. h4 Kf7 38. Kg2 Ke7 39. Qxg6 1-0

[Event "Late-Titled-Tuesday-Blitz-January-16-2024"]
[Site "Chess.com"]
[Date "2024.01.16"]
[Round "10"]
[White "Walter_White_Poland"]
[Black "Brahianzevich"]
[Result "1-0"]
[WhiteElo "2361"]
[BlackElo "2421"]
[TimeControl "180+1"]
[EndTime "15:55:26 PST"]
[Termination "Walter_White_Poland won by resignation"]

1. e4 c5 2. Nf3 d6 3. d4 cxd4 4. Nxd4 Nf6 5. Nc3 a6 6. Bg5 e6 7. f4 h6 8. Bh4 Qb6 9. Qd3 Qxb2 10. Rb1 Qa3 11. f5 Be7 12. fxe6 fxe6 13. Be2 Nc6 14.
Nxc6 bxc6 15. Bh5+ Nxh5 16. Bxe7 Nf4 17. Qd4 e5 18. Qxe5 dxe5 19. Bxa3 Nxg2+ 20. Kf2 Nf4 21. Na4 Be6 22. Rb7 O-O-O 23. Rhb1 Rd2+ 24. Ke3 Rhd8 25.
Rb8+ Kd7 26. Rxd8+ Kxd8 27. Kxd2 1-0